 Dungeon Crawl Stone Soup version 0.29-a0-384-g6960b1960d (webtiles) character file.

Game seed: 11254145202999882641

345 Bruhh the Cleaver (level 6, -1/51 HPs)
             Began as a Hill Orc Fighter on May 7, 2022.
             Slain by Menkaure (20 damage)
             ... on level 4 of the Dungeon.
             The game lasted 00:02:39 (2730 turns).

Bruhh the Cleaver (Hill Orc Fighter)                Turns: 2730, Time: 00:02:39

Health: -1/51      AC:  8    Str: 21    XL:     6   Next: 58%
Magic:  6/6        EV:  9    Int:  8    God:
Gold:   234        SH:  4    Dex: 10    Spells: 5/5 levels left

rFire   . . .      SeeInvis .   u - +0 broad axe
rCold   . . .      Faith    .   c - +0 buckler
rNeg    . . .      Spirit   .   b - +0 scale mail
rPois   .          Reflect  .   (no helmet)
rElec   .          Harm     .   o - +0 cloak
rCorr   .          Rampage  .   (no gloves)
Will    .....      Clarity  +   (no boots)
Stlth   ..........              (no amulet)
HPRegen 0.00/turn               (no ring)
MPRegen 0.10/turn               (no ring)

@: inhibited regen
A: clarity, inhibited regeneration
a: no special abilities


You were on level 4 of the Dungeon.
You visited 1 branch of the dungeon, and saw 4 of its levels.

You collected 234 gold pieces.

Inventory:

Hand Weapons
 a - a +0 war axe
 u - a +0 broad axe (weapon)
Armour
 b - a +0 scale mail (worn)
 c - a +0 buckler (worn)
 o - a +0 cloak (worn)
Jewellery
 w - a ring of willpower
Wands
 p - a wand of digging (3)
 v - a wand of flame (1)
Scrolls
 e - 2 scrolls of teleportation {unknown}
 i - a scroll of poison {unknown}
 k - 2 scrolls of identify {unknown}
 l - a scroll of silence {unknown}
 m - a scroll of fog {unknown}
 n - a scroll of magic mapping {unknown}
 q - a scroll of enchant armour {unknown}
 r - a scroll of blinking {unknown}
 s - 2 scrolls of vulnerability {unknown}
 t - a scroll of noise {unknown}
Potions
 d - 2 potions of curing
 f - a potion of cancellation {unknown}
 g - 2 potions of haste {unknown}
 h - 4 potions of mutation
 j - 2 potions of attraction {unknown}


   Skills:
 - Level 3.6 Fighting
 + Level 9.0 Axes
 - Level 3.2 Armour
 - Level 3.2 Shields


You had 5 spell levels left.
You didn't know any spells.
Your spell library contained the following spells:

 Spells                   Type           Power      Damage    Failure   Level
 Blink                    Tloc           0%         N/A       93%         2
 Lesser Beckoning         Tloc           0%         N/A       99%         3
 Ozocubu's Armour         Ice            0%         N/A       99%         3
 Manifold Assault         Tloc           0%         N/A       100%        5
 Ozocubu's Refrigeration  Ice            0%         4d5       100%        7


Dungeon Overview and Level Annotations

Branches:
Dungeon (4/15)
 Temple: D:4-7

Altars:
Ashenzari
Makhleb
Ru
Vehumet

Annotations:
D:3 2 transporters
D:4 Menkaure


Innate Abilities, Weirdness & Mutations

You possess an exceptional clarity of mind.
You do not regenerate when monsters are visible.


Message History

There are monsters nearby!
No target in view!
The adder hisses angrily.
A dart slug comes into view.
The dart slug launches a dart at you. You block the slug dart.
Menkaure hits you but does no damage.
You hit Menkaure.
Menkaure is lightly damaged.
You miss the adder.
The adder bites you but does no damage. x2
Menkaure calls on the powers of darkness!
The adder convulses!
Your body is wracked with pain!
The dart slug convulses!
You barely miss Menkaure.
Menkaure is lightly damaged.
You barely miss the adder. The adder bites you but does no damage.
Menkaure points at you and mumbles some strange words.
Pain shoots through your body!
You hit Menkaure.
Menkaure is moderately damaged.
You closely miss the adder. The adder bites you.
You are poisoned.
The adder poisons you! The adder closely misses you. Menkaure hits you.
* * * LOW HITPOINT WARNING * * *
Unknown command.
It was a potion of mutation.
You feel extremely strange.
Your regeneration stops near monsters.
Your thoughts seem clearer.
You feel sick. The adder bites you.
* * * LOW HITPOINT WARNING * * *
It was a potion of curing.
You feel better. You block the adder's attack.
Menkaure hits you but does no damage.
You barely miss Menkaure.
Menkaure is moderately damaged.
You barely miss the adder. The adder bites you but does no damage.
Menkaure points at you and mumbles some strange words.
You barely resist. The adder bites you but does no damage.
You barely miss Menkaure.
Menkaure is moderately damaged.
You hit the adder but do no damage. The adder barely misses you.
Menkaure hits you!!
You die...

#.........
#........#
#.<......# .
##........#.#
###...........#
.......w....#
#...(MS..# #..@#
#...# ###.## #...#
#...# #...#
#####...#####
#...........###..
..................


You could see Menkaure, an adder and a dart slug.

Vanquished Creatures
  Grinder (D:3)
  A crimson imp (D:3)
  Crazy Yiuf (D:2)
  Ijyb (D:3)
  3 adders
  2 dart slugs
  2 worms (D:2)
  3 orcs (D:3)
  4 bats
  2 endoplasms
  2 giant cockroaches
  3 goblins
  2 hobgoblins
  2 kobolds
  2 quokkas
  A ball python (D:2)
  A frilled lizard (D:3)
  3 rats (D:1)
36 creatures vanquished.

Notes
Turn   | Place    | Note
-------+----------+-------------------------------------------
     0 | D:1      | Bruhh the Hill Orc Fighter began the quest for the Orb.
     0 | D:1      | Reached XP level 1. HP: 19/19 MP: 1/1
   123 | D:1      | Reached skill level 3 in Axes
   775 | D:2      | Reached XP level 2. HP: 26/26 MP: 2/2
   798 | D:2      | Reached skill level 4 in Axes
  1203 | D:2      | Reached XP level 3. HP: 28/31 MP: 3/3
  1266 | D:2      | Found a runed translucent door.
  1267 | D:2      | Noticed Crazy Yiuf
  1523 | D:2      | Killed Crazy Yiuf
  1524 | D:2      | Reached skill level 5 in Axes
  1524 | D:2      | Reached XP level 4. HP: 39/39 MP: 4/4
  1608 | D:3      | Noticed Ijyb
  1616 | D:3      | Killed Ijyb
  1617 | D:3      | Reached skill level 6 in Axes
  1667 | D:3      | Found a broken altar of Ashenzari.
  1669 | D:3      | Found a sacrificial altar of Ru.
  1671 | D:3      | Found a transporter.
  1671 | D:3      | Noticed a phantom
  1681 | D:3      | Found a transporter.
  1773 | D:3      | Found a radiant altar of Vehumet.
  1774 | D:3      | Found a burning altar of Makhleb.
  1777 | D:3      | Reached XP level 5. HP: 45/45 MP: 5/5
  2103 | D:3      | Noticed Grinder
  2116 | D:3      | Killed Grinder
  2117 | D:3      | Reached skill level 8 in Axes
  2117 | D:3      | Reached XP level 6. HP: 27/51 MP: 6/6
  2667 | D:4      | Reached skill level 9 in Axes
  2718 | D:4      | Noticed Menkaure
  2727 | D:4      | Gained mutation: You do not regenerate when monsters are
                  | visible. [potion of mutation]
  2727 | D:4      | Gained mutation: You possess an exceptional clarity of
                  | mind. [potion of mutation]
  2730 | D:4      | Slain by Menkaure

Illustrated notes

Levels and vault maps discovered:
D:1:      dpeg_arrival_simpleton_a, layout_basic
D:2:      layout_rooms, uniq_crazy_yiuf_cottage
D:3:      layout_loops_ring, gammafunk_temple_overflow_arena,
          grunt_temple_overflow_lords_of_destruction, uniq_ijyb, uniq_grinder
D:4:      layout_loops_cross, minmay_temple_entry_glassed_door,
          nicolae_concentric_dashed_squares_mild, uniq_eustachio, uniq_robin,
          uniq_pikel, uniq_menkaure, uniq_duvessa

Skill      XL: |  1  2  3  4  5  6 |
---------------+-------------------+-----
Axes           | 3 4 5 6 8 9 |  9.0
Fighting       | |  3.6
Armour         | |  3.2
Shields        | |  3.2

Action                   |  1- 3 |  4- 6 || total
-------------------------+-------+-------++-------
Melee: War axe           |    42 |    15 ||    57
       Broad axe         |       |    49 ||    49
  Use: Potion            |     1 |     3 ||     4
Armor: Scale mail        |    17 |    40 ||    57
Dodge: Dodged            |    19 |    23 ||    42
Block: Buckler           |     4 |    14 ||    18

Table legend: (Time is in decaauts)
 A = Elapsed time spent in this place.
 B = Non-inter-level travel time spent in this place.
 C = Inter-level travel time spent in this place.
 D = Time resting spent in this place.
 E = Time spent auto-exploring this place.
 F = Levels seen in this place.
 G = Mean time per level.
                   A        B        C        D        E       F      G
               +--------+--------+--------+--------+--------+-----+--------+
         Total |   2759 |   2660 |     99 |      0 |   2329 |   4 |  689.8 |
       Dungeon |   2759 |   2660 |     99 |      0 |   2329 |   4 |  689.8 |
               +--------+--------+--------+--------+--------+-----+--------+

Top non-repeatable levels by time:
     D:3: 1068 daAuts
     D:2: 837 daAuts
     D:1: 770 daAuts
     D:4: 83 daAuts
